 Dungeon Crawl Stone Soup version 0.31-a0-1620-gcbf77bbcfc (webtiles) character file.

Game seed: 9032877856452456040

124089 Flugslaktarn the Warrior (level 16, -3/160 HPs)
             Began as a Minotaur Fighter on Jan 11, 2024.
             Was the Champion of Cheibriados.
             Slain by a nagaraja
             ... wielding a +0 whip
              (14 damage)
             ... on level 4 of the Snake Pit.
             The game lasted 00:12:38 (19144 turns).

Flugslaktarn the Warrior (Minotaur Fighter)        Turns: 19144, Time: 00:12:39

Health: -3/160     AC: 49    Str: 41    XL:     16   Next: 38%
Magic:  18/23      EV: 23    Int: 22    God:    Cheibriados [******]
Gold:   1183       SH:  0    Dex: 30    Spells: 15/15 levels left

rFire   + . .        f - +4 battleaxe (protect)
rCold   . . .        (shield currently unavailable)
rNeg    + . .        y - +8 plate armour {rF+}
rPois   +            e - +2 hat
rElec   .            D - +2 cloak {rPois}
rCorr   .            B - +2 pair of gloves
SInv    .            (no boots)
Will    +....        h - amulet "Ohaomp" {^Fragile rN+ Regen+ Int+2 Slay+3} Stlth
                     b - ring of the Tortoise {AC+8}
HPRegen 1.26/turn    v - +5 ring of evasion
MPRegen 0.18/turn

%: no passive effects
@: under a protective aura, constricted, studying 2 skills, very slow
A: horns 2, retaliatory headbutt, thin skeletal structure 1, inability to read
after injury 1
a: Renounce Religion, Bend Time, Temporal Distortion, Slouch, Step From Time


You were on level 4 of the Snake Pit.
You worshipped Cheibriados.
Cheibriados was exalted by your worship.
You visited 4 branches of the dungeon, and saw 23 of its levels.
You also visited: Volcano.

You collected 2092 gold pieces.
You spent 909 gold pieces at shops.

Inventory:

Hand Weapons
 f - a +4 battleaxe of protection (weapon)
   (You took it off a wight on level 3 of the Dungeon)
 p - a +0 broad axe
   (You took it off a naga on level 2 of the Lair of Beasts)
 A - a +1 war axe of electrocution
   (You found it on level 5 of the Dungeon)
 Q - a +0 executioner's axe
   (You found it on level 2 of the Orcish Mines)
Missiles
 s - 3 throwing nets (quivered)
Armour
 e - a +2 hat (worn)
   (You bought it in a shop on level 4 of the Dungeon)
 y - a +8 plate armour of fire resistance (worn)
   (You found it in a volcano)
 B - a +2 pair of gloves (worn)
   (You found it on level 5 of the Dungeon)
 D - a +2 cloak of poison resistance (worn)
   (You found it on level 12 of the Dungeon)
Jewellery
 b - the ring of the Tortoise (left hand) {AC+8}
   (You found it on level 7 of the Dungeon)

   [ring of protection]

   AC+8:      It affects your AC (+8).
 c - a ring of protection from cold
   (You found it on level 4 of the Dungeon)
 h - the amulet "Ohaomp" (around neck) {^Fragile rN+ Regen+ Int+2 Slay+3}
   (You acquired it on level 4 of the Dungeon)

   [amulet of regeneration]

   Int+2:     It affects your intelligence (+2).
   Slay+3:    It affects your accuracy & damage with ranged weapons and melee
   (+3).
   rN+:       It protects you from negative energy.
   Regen+:    It increases your rate of health regeneration.
   ^Fragile:  It will be destroyed if unequipped.
 i - a ring of see invisible
   (You found it on level 4 of the Dungeon)
 m - a ring of willpower
   (You found it on level 4 of the Dungeon)
 v - a +5 ring of evasion (right hand)
   (You bought it in a shop on level 2 of the Orcish Mines)
 H - the ring of Zair {rN+ Will+ rCorr}
   (You found it on level 3 of the Lair of Beasts)

   [ring of willpower]

   rN+:       It protects you from negative energy.
   Will+:     It increases your willpower.
   rCorr:     It protects you from acid and corrosion.
 L - the ring of the Living God {rElec rF+++ rC++ rN+ Dex-5}
   (You acquired it on level 10 of the Dungeon)

   [ring of positive energy]

   Dex-5:     It affects your dexterity (-5).
   rF+++:     It renders you almost immune to fire.
   rC++:      It greatly protects you from cold.
   rElec:     It insulates you from electricity.
   rN+:       It protects you from negative energy.
 O - a ring of flight
   (You found it on level 2 of the Orcish Mines)
 R - an amulet of reflection
   (You found it on level 4 of the Snake Pit)
Wands
 g - a wand of digging (4)
   (You found it on level 2 of the Snake Pit)
 j - a wand of charming (38)
   (You found it on level 4 of the Dungeon)
 G - a wand of iceblast (16)
   (You found it on level 7 of the Dungeon)
 K - a wand of mindburst (19)
   (You found it on level 11 of the Dungeon)
Scrolls
 l - 2 scrolls of revelation
 r - 3 scrolls of identify
 t - 11 scrolls of teleportation
 x - a scroll of immolation
 z - 3 scrolls of blinking
 E - 3 scrolls of fear
 J - 3 scrolls of enchant weapon
Potions
 d - 6 potions of might
 k - 2 potions of enlightenment
 n - 4 potions of resistance
 o - 6 potions of mutation
 q - 5 potions of curing
 u - a potion of lignification
 w - 6 potions of heal wounds
 F - 2 potions of invisibility
 I - 2 potions of ambrosia
 N - 2 potions of cancellation
 P - 5 potions of magic
 S - a potion of haste {unknown}
Miscellaneous
 a - a phantom mirror
   (You found it on level 5 of the Lair of Beasts)
 C - a tin of tremorstones (2/2)
   (You found it on level 1 of the Orcish Mines)


   Skills:
 * Level 19.1 Fighting
 * Level 19.0 Axes
 + Level 15.6 Armour
 + Level 12.7 Dodging
 - Level 4.6 Shields
 + Level 11.3 Invocations


You had 15 spell levels left.
You didn't know any spells.
Your spell library contained the following spells:

 Spells                   Type           Power      Damage    Failure   Level
 Magic Dart               Conj           0%         1d3       50%         1
 Blink                    Tloc           0%         N/A       65%         2
 Call Imp                 Summ           0%         N/A       65%         2
 Cigotuvi's Dreadful Rot  Necr/Alch/Air  0%         N/A       65%         2
 Mercury Vapours          Alch/Air       0%         N/A       65%         2
 Gell's Gravitas          Tloc           0%         N/A       86%         3
 Mephitic Cloud           Conj/Alch/Air  0%         N/A       86%         3
 Summon Ice Beast         Ice/Summ       0%         N/A       86%         3
 Teleport Other           Tloc           0%         N/A       86%         3
 Anguish                  Hex/Necr       0%         N/A       99%         4
 Cause Fear               Hex            0%         N/A       99%         4
 Ignite Poison            Fire/Alch      0%         N/A       99%         4
 Freezing Cloud           Conj/Ice/Air   0%         6-21      100%        5
 Summon Mana Viper        Hex/Summ       0%         N/A       100%        5
 Dispersal                Tloc           0%         N/A       100%        6
 Enfeeble                 Hex            0%         N/A       100%        7
 Monstrous Menagerie      Summ           0%         N/A       100%        7


Dungeon Overview and Level Annotations

Branches:
Dungeon (12/15)            Temple (0/1) D:7            Lair (5/5) D:10
  Swamp (0/4) Lair:3        Snake (4/4) Lair:2        Slime (0/5) Lair:4
    Orc (2/2) D:11            Elf (0/3) Orc:2       Volcano (visited)

Altars:
Cheibriados
Elyvilon
Fedhas
Gozag
Hepliaklqana
Kikubaaqudgha
Qazlal
Uskayaw
Vehumet
Wu Jian
Xom
The Shining One
Jiyva
Lugonu

Shops:
D:4 [   Orc:1 *   Orc:2 *(=*

Portals:
Abyss: Lair:5

Annotations:
D:7 2 transporters, makewrite's ghost, amateur MiFi
D:9 2 transporters, Raspi's ghost, novice OnBe


Innate Abilities, Weirdness & Mutations

You have a pair of horns on your head.
You reflexively headbutt those who attack you in melee.
You have a somewhat thin skeletal structure. (Dex +2, Stealth+)
You occasionally lose the ability to read scrolls when taking damage.


Message History

The anaconda is severely wounded.
You slice the anaconda!! You miss the sea snake. You slice the shock serpent!!
The shock serpent's electric aura discharges, shocking you!
You feel sick. The anaconda completely misses you. The anaconda constricts you.
The anaconda bites you but does no damage.
The naga mage points at the nagaraja and mumbles some strange words.
The nagaraja's venom grows more potent.
The shock serpent completely misses you.
The anaconda closely misses you. The anaconda constricts you.
The sea snake misses you. You furiously retaliate!
You headbutt the sea snake!! You miss the anaconda.
The anaconda is severely wounded.
You miss the anaconda.
You slice the sea snake like a ripe choko!!!
You kill the sea snake!
Cheibriados appreciates the change of pace.
You slice the shock serpent!!
You kill the shock serpent!
Cheibriados thoroughly appreciates the change of pace.
The air sparks with electricity, shocking you!
You feel sick. The anaconda bites you.
The guardian serpent casts a spell at you.
The naga blinks!
The nagaraja blinks!
The naga mage blinks!
The naga warrior blinks!
The anaconda barely misses you. The anaconda constricts you.
The anaconda closely misses you.
You barely miss the anaconda. Your headbutt misses the anaconda.
The anaconda is severely wounded.
You hit the naga warrior. You completely miss the naga mage.
You barely miss the nagaraja. You slash the naga! You slice the anaconda!!
You feel sick.
The anaconda bites you but does no damage.
The anaconda constricts you. The naga mage barely misses you.
The naga hits you but does no damage. The anaconda barely misses you.
The nagaraja casts a spell at you. The poison arrow hits you!
You are more poisoned.
You partially resist.
The naga warrior hits you with a +0 heavy dire flail!
You slice the anaconda!!
You kill the anaconda!
Cheibriados thoroughly appreciates the change of pace.
You slash the naga mage! You barely miss the nagaraja. You hit the naga.
You slice the anaconda!!
You kill the anaconda!
Cheibriados thoroughly appreciates the change of pace.
You slash the naga warrior!
You feel very sick.
The nagaraja hits you but does no damage.
The nagaraja completely misses you. The naga closely misses you.
You furiously retaliate!
You headbutt the naga. The naga completely misses you.
The naga mage spits poison at you. The splash of poison hits you. You resist.
Your Axes skill increases to level 19!
You closely miss the naga.
The naga is heavily wounded.
You slice the naga warrior!! You slash the guardian serpent!
You slash the naga mage! You slash the nagaraja!
You feel very sick. The guardian serpent barely misses you.
You furiously retaliate!
You headbutt the guardian serpent!!
You kill the guardian serpent!
Cheibriados thoroughly appreciates the change of pace.
The nagaraja closely misses you. You furiously retaliate!
You headbutt the nagaraja. The nagaraja grabs you. The nagaraja constricts you.
The naga mage hits you but does no damage.
The naga warrior hits you with a +0 heavy dire flail!!
The naga spits poison at you. The splash of poison misses you.
You are too injured to fight recklessly!
You are too injured to fight recklessly!
You slash the naga warrior! You headbutt the naga warrior!
The naga warrior is almost dead.
You closely miss the naga mage. You slice the nagaraja!!
You cut the naga into ribbons!!!
You kill the naga!
Cheibriados appreciates the change of pace.
You feel sick.
The nagaraja points at you and mumbles some strange words.
The poison arrow misses you. The nagaraja constricts you.
You can feel time thicken for a moment.
You kill the naga warrior!
Cheibriados appreciates the change of pace.
You feel very sick. The nagaraja spits poison at you.
The splash of poison hits you. You resist. The nagaraja constricts you.
The naga mage spits poison at you. The splash of poison misses you.
The nagaraja hits you with a +0 whip!!
* * * LOW HITPOINT WARNING * * *
The nagaraja constricts you.
You barely miss the nagaraja. You headbutt the nagaraja!
The nagaraja is almost dead.
You slice the naga mage!!
You kill the naga mage!
Cheibriados appreciates the change of pace.
You feel sick. The nagaraja hits you with a +0 whip!
* * * LOW HITPOINT WARNING * * *
The nagaraja constricts you.
* * * LOW HITPOINT WARNING * * *
You feel better. The nagaraja hits you with a +0 whip!
You die...

#...##..#...# #...##
##..##......### #...##
######.......#######.....
###......##...####... #
.##................#
#.###)###........#......
#.....###......###......
.......#)....#..##......
.≈~≈≈≈†@N....##....###.#
.~~≈≈~)†)...#####..###.#
.~≈~~~.'..#...###...##.
.......#...##.##..#....#
#.....###..##....####...
#.###.###..#...#...# #.#
# .##.))##...###.## .#
#.#####..=###...# #..# .
#......)......### ####


You could see a nagaraja (fast, strong, curare, catching breath).

Vanquished Creatures
  Aizul (Snake:2)
  2 orc warlords (Orc:2)
  The ghost of Flugslaktarn the Warrior, a journeyman MiFi of Cheibriados (Lair:3)
  A red draconian (Volcano)
  An ettin (Orc:1)
  Josephine (D:11)
  5 hydras
  An entropy weaver (shapeshifter) (Lair:5)
  8 anacondas
  5 ogre magi (Volcano)
  A catoblepas (Lair:1)
  3 boulder beetles
  20 two-headed ogres
  4 naga warriors
  6 orc high priests
  3 thrashing horrors (Lair:5)
  4 shock serpents
  A hell knight (Volcano)
  4 naga sharpshooters (Snake:4)
  A skyshark (Lair:2)
  A sea snake (Snake:4)
  A swamp dragon (Lair:3)
  An anaconda zombie (Snake:4)
  3 mana vipers
  3 naga ritualists
  An anaconda skeleton (Snake:4)
  2 deep elf pyromancers (D:12)
  6 orc knights
  6 orc sorcerers (Orc:2)
  2 ugly things
  2 large abominations (Lair:5)
  A manticore (D:12)
  A moth of wrath (Lair:3)
  12 elephants
  3 cyclopes
  6 salamanders
  A black mamba (shapeshifter) (Lair:5)
  7 naga magi
  20 black mambas
  4 kobold blastminers
  4 guardian serpents
  2 gargoyles (D:10)
  12 cane toads
  2 unseen horrors (D:11)
  2 rime drakes (Lair:1)
  9 komodo dragons
  2 torpor snails
  A kobold demonologist (D:10)
  2 ice devils (D:11)
  2 polar bears (Lair:4)
  10 trolls
  A raiju (Lair:5)
  16 blink frogs
  Prince Ribbit (D:6)
  10 dream sheep
  3 slime creatures (D:12)
  3 vampires
  7 wraiths
  63 yaks
  A spriggan (Lair:5)
  5 ynoxinuls (Lair:5)
  10 basilisks
  5 wyverns
  3 wargs
  2 steam dragons
  Edmund (D:6)
  3 vampire mosquitoes (D:11)
  29 nagas
  2 acid dragons (D:10)
  8 water moccasins
  38 orc warriors
  An ice beast (Snake:2)
  3 black bears
  12 small abominations (Lair:5)
  2 sky beasts
  6 ogres
  7 wolves
  A tengu (shapeshifter) (Lair:5)
  4 phantoms
  9 centaurs
  3 kobold brigands
  A brain worm (D:6)
  15 bullfrogs
  7 scorpions
  2 gnoll sergeants
  8 wights
  9 killer bees
  4 electric eels
  2 howler monkeys (D:7)
  3 bombardier beetles
  7 hounds
  9 jellies
  29 orc priests
  2 gnoll boudas
  Jessica (D:3)
  4 iguanas
  20 orc wizards
  12 gnolls
  8 adders
  A shadow imp (D:8)
  2 white imps
  3 dart slugs
  2 ribbon worms
  85 orcs
  9 ball pythons
  8 endoplasms
  3 giant cockroaches
  6 goblins
  6 hobgoblins
  4 jackals
  22 kobolds
  4 quokkas
  A bat (D:1)
  9 frilled lizards
  A goblin zombie (D:8)
  3 hobgoblin zombies (D:8)
  3 kobold skeletons (D:8)
  2 kobold zombies (D:8)
  An orc skeleton (D:8)
  An orc zombie (D:8)
  5 rats
787 creatures vanquished.

Vanquished Creatures (others)
  A salamander mystic (Snake:4)
  A manticore (D:9)
  A slime creature (D:9)
  An orc wizard (Orc:2)
  4 orcs (Orc:2)
8 creatures vanquished.

Grand Total: 795 creatures vanquished

Notes
Turn   | Place    | Note
-------+----------+-------------------------------------------
     0 | D:1      | Flugslaktarn the Minotaur Fighter began the quest for the
                  | Orb.
     0 | D:1      | Reached XP level 1. HP: 19/19 MP: 0/0
    82 | D:1      | Reached XP level 2. HP: 24/27 MP: 1/1
   238 | D:1      | Reached XP level 3. HP: 21/33 MP: 2/2
  1390 | D:3      | Noticed Jessica
  1397 | D:3      | Killed Jessica
  1398 | D:3      | Reached XP level 4. HP: 25/41 MP: 3/3
  1489 | D:3      | Reached skill level 5 in Fighting
  1489 | D:3      | Reached XP level 5. HP: 45/48 MP: 4/4
  1489 | D:3      | Gained mutation: You have a somewhat thin skeletal
                  | structure. (Dex +2, Stealth+) [potion of mutation]
  1489 | D:3      | Gained mutation: You occasionally lose the ability to read
                  | scrolls when taking damage. [potion of mutation]
  1644 | D:3      | Found a white marble altar of Elyvilon.
  1857 | D:3      | Found a snail-covered altar of Cheibriados.
  1871 | D:3      | Became a worshipper of Cheibriados the Contemplative
  1957 | D:3      | Reached XP level 6. HP: 56/56 MP: 5/5
  1964 | D:3      | Reached skill level 5 in Axes
  2127 | D:4      | Found Tyistrat's Antique Armour Emporium.
  2140 | D:4      | Bought a glowing hat for 168 gold pieces
  2258 | D:4      | Reached skill level 1 in Dodging
  2276 | D:4      | Noticed a water moccasin
  2280 | D:4      | Killed a water moccasin
  2281 | D:4      | Reached skill level 5 in Armour
  2281 | D:4      | Reached skill level 1 in Invocations
  2281 | D:4      | Reached XP level 7. HP: 62/63 MP: 6/6
  2530 | D:4      | Identified a scroll of acquirement
  2530 | D:4      | Acquired the amulet "Ohaomp" {^Fragile rN+ Regen+ Int+2
                  | Slay+3}
  2610 | D:4      | Reached * piety under Cheibriados
  2629 | D:4      | Found a hazy altar of Hepliaklqana.
  3134 | D:5      | Entered Level 5 of the Dungeon
  3153 | D:5      | Found an ancient bone altar of Kikubaaqudgha.
  3296 | D:5      | Reached XP level 8. HP: 73/73 MP: 8/8
  3762 | D:6      | Reached ** piety under Cheibriados
  3810 | D:6      | Found a shimmering altar of Xom.
  3810 | D:6      | Found a shimmering altar of Xom.
  3811 | D:6      | Found a shimmering altar of Xom.
  3811 | D:6      | Found a shimmering altar of Xom.
  3814 | D:6      | Found a shimmering altar of Xom.
  3884 | D:6      | Noticed Edmund
  3899 | D:6      | Killed Edmund
  4019 | D:6      | Noticed Prince Ribbit
  4026 | D:6      | Killed Prince Ribbit
  4027 | D:6      | Reached XP level 9. HP: 60/82 MP: 10/10
  4455 | D:7      | Reached *** piety under Cheibriados
  4582 | D:7      | Found a transporter.
  4619 | D:7      | Noticed makewrite's ghost (amateur MiFi)
  4632 | D:7      | Found the ring of the Tortoise {AC+8}
  4713 | D:7      | Found a hide-covered altar of Uskayaw.
  4714 | D:7      | Found an opulent altar of Gozag.
  4764 | D:7      | Reached skill level 5 in Dodging
  4798 | D:7      | Found a staircase to the Ecumenical Temple.
  5017 | D:7      | Found a transporter.
  5073 | D:8      | Found a glowing golden altar of the Shining One.
  5228 | D:8      | Reached **** piety under Cheibriados
  5240 | D:8      | Found a radiant altar of Vehumet.
  5570 | D:8      | Found a blossoming altar of Fedhas.
  5853 | D:9      | Noticed a troll
  5857 | D:9      | Killed a troll
  5858 | D:9      | Reached skill level 10 in Fighting
  5859 | D:9      | Noticed an efreet
  5861 | D:9      | Noticed a deep elf pyromancer
  5861 | D:9      | Noticed a red ugly thing
  5861 | D:9      | Noticed a cyclops
  5861 | D:9      | Noticed a manticore
  5862 | D:9      | Noticed a centaur warrior
  5862 | D:9      | Noticed a freezing wraith
  5862 | D:9      | Noticed a centaur warrior
  5872 | D:9      | Noticed an arcanist
  5888 | D:9      | Found a transporter.
  5897 | D:9      | Noticed Raspi's ghost (novice OnBe)
  5900 | D:9      | Noticed a two-headed ogre
  5906 | D:9      | Killed a two-headed ogre
  5907 | D:9      | Reached XP level 10. HP: 69/93 MP: 12/12
  5943 | D:9      | Found a transporter.
  5972 | D:9      | Reached skill level 10 in Axes
  5975 | D:9      | Killed a manticore
  6013 | D:9      | Found a stormy altar of Qazlal.
  6042 | D:9      | Found an ornate altar of the Wu Jian Council.
  6156 | D:9      | Reached skill level 5 in Invocations
  6271 | D:9      | Noticed a two-headed ogre
  6274 | D:9      | Killed a two-headed ogre
  6274 | D:9      | Reached ***** piety under Cheibriados
  6596 | D:10     | Entered Level 10 of the Dungeon
  6774 | D:10     | Found a staircase to the Lair.
  6832 | D:10     | Noticed a gargoyle
  6832 | D:10     | Noticed a two-headed ogre
  6833 | D:10     | Noticed a cyclops
  6835 | D:10     | Killed a two-headed ogre
  6843 | D:10     | Killed a gargoyle
  6844 | D:10     | Reached XP level 11. HP: 102/102 MP: 14/14
  7308 | D:10     | Noticed a two-headed ogre
  7314 | D:10     | Killed a two-headed ogre
  7804 | D:11     | Noticed a boulder beetle
  7805 | D:11     | Noticed a centaur warrior
  7860 | D:11     | Found a staircase to the Orcish Mines.
  7863 | D:11     | Reached ****** piety under Cheibriados
  7899 | D:11     | Noticed Josephine
  7904 | D:11     | Killed Josephine
  7927 | D:11     | Noticed a boulder beetle
  7937 | D:11     | Killed a boulder beetle
  7938 | D:11     | Reached XP level 12. HP: 105/115 MP: 16/16
  8134 | D:11     | Reached skill level 10 in Armour
  8898 | D:12     | Noticed a boulder beetle
  8903 | D:12     | Killed a boulder beetle
  9224 | D:12     | Noticed a two-headed ogre
  9227 | D:12     | Killed a two-headed ogre
  9693 | Lair:1   | Entered Level 1 of the Lair of Beasts
  9718 | Lair:1   | Identified the +1 robe of Pewi {Fly rF++ Int+3}
  9929 | Lair:1   | Reached XP level 13. HP: 76/125 MP: 18/18
 10158 | Lair:1   | You fall into a shaft and drop 1 floor!
 10367 | Lair:2   | Found a staircase to the Snake Pit.
 10371 | Lair:2   | Found a dark tunnel.
 10380 | Volcano  | Entered a volcano
 10387 | Volcano  | Reached skill level 15 in Fighting
 10391 | Volcano  | Reached skill level 15 in Axes
 10396 | Volcano  | Found a large runed translucent door.
 10396 | Volcano  | Found a large runed translucent door.
 10402 | Volcano  | Found a large runed translucent door.
 10402 | Volcano  | Found a large runed translucent door.
 10411 | Volcano  | Noticed a red draconian
 10412 | Volcano  | Found a large runed translucent door.
 10412 | Volcano  | Found a large runed translucent door.
 10420 | Volcano  | Killed a red draconian
 10426 | Volcano  | Found a large runed translucent door.
 10427 | Volcano  | Found a large runed translucent door.
 10671 | Volcano  | Found a large runed translucent door.
 10672 | Volcano  | Found a large runed translucent door.
 10686 | Volcano  | Reached skill level 10 in Dodging
 10695 | Volcano  | Found a large runed translucent door.
 10695 | Volcano  | Found a large runed translucent door.
 10709 | Volcano  | Found a large runed translucent door.
 10709 | Volcano  | Found a large runed translucent door.
 10720 | Volcano  | Found a large runed translucent door.
 10720 | Volcano  | Found a large runed translucent door.
 10815 | Volcano  | Found a large runed translucent door.
 10815 | Volcano  | Found a large runed translucent door.
 10912 | Lair:2   | Found a white marble altar of Elyvilon.
 11441 | Lair:3   | Reached XP level 14. HP: 136/136 MP: 19/19
 11720 | Lair:3   | Identified the +3 leather armour "Zulaalut" {Fly Stlth+}
 11748 | Lair:3   | Noticed Flugslaktarn's ghost (journeyman MiFi)
 11756 | Lair:3   | Found a transporter.
 11801 | Lair:3   | Found a staircase to the Swamp.
 11871 | Lair:3   | Found a transporter.
 12471 | Lair:3   | Killed Flugslaktarn's ghost
 12476 | Lair:3   | Identified the ring of Zair {rN+ Will+ rCorr}
 12624 | Lair:4   | Found a staircase to the Slime Pits.
 12627 | Lair:4   | Found a viscous altar of Jiyva.
 13871 | Lair:5   | Entered Level 5 of the Lair of Beasts
 14219 | Lair:5   | Reached skill level 10 in Invocations
 14225 | Lair:5   | Found a corrupted altar of Lugonu.
 14225 | Lair:5   | Found a one-way gate to the infinite horrors of the Abyss.
 15497 | Orc:1    | Entered Level 1 of the Orcish Mines
 15503 | Orc:1    | Reached XP level 15. HP: 146/147 MP: 21/21
 15597 | Orc:1    | Found a transporter.
 15695 | Orc:1    | Found Voniskos's CLEARANCE SALE!.
 15704 | Orc:1    | Bought a scroll of fear for 24 gold pieces
 15773 | Orc:1    | Found a transporter.
 16049 | Orc:2    | Entered Level 2 of the Orcish Mines
 16064 | Orc:2    | Acquired the ring of the Living God {rElec rF+++ rC++ rN+
                  | Dex-5}
 16329 | Orc:2    | Found Ytucs's Jewellery Shop.
 16347 | Orc:2    | Found Gunnin's Assorted Antiques.
 16356 | Orc:2    | Bought a potion of heal wounds for 95 gold pieces
 16700 | Orc:2    | Found Fumiyr's Antique Weapon Boutique.
 16849 | Orc:2    | Found Ikuechu's General Store.
 16857 | Orc:2    | Bought a scroll of blinking for 82 gold pieces
 16995 | Orc:2    | Found a staircase to the Elven Halls.
 17669 | Orc:2    | Bought a +5 ring of evasion for 540 gold pieces
 17866 | Snake:1  | Entered Level 1 of the Snake Pit
 18080 | Snake:1  | Identified the serpent talisman "Lafybemi" {rF+ Str+3}
 18139 | Snake:2  | Identified the serpent talisman of the Furies {Dex+3}
 18139 | Snake:2  | Noticed Aizul
 18152 | Snake:2  | Killed Aizul
 18499 | Snake:2  | Reached XP level 16. HP: 159/159 MP: 23/23
 18543 | Snake:3  | Reached skill level 15 in Armour
 18629 | Snake:4  | Entered Level 4 of the Snake Pit
 18652 | Snake:4  | Found an ornate altar of the Wu Jian Council.
 19143 | Snake:4  | HP: 6/160 [nagaraja/+0 whip (10)]
 19144 | Snake:4  | Slain by a nagaraja

Illustrated notes

Levels and vault maps discovered:
D:1:      grunt_arrival_lava_bath, layout_rooms, serial_bayou,
          serial_bayou_pond_e, serial_bayou_pond_b, serial_bayou_pond_b,
          serial_bayou_ford_a
D:2:      layout_basic, minmay_pentomino_r2
D:3:      minmay_diamond_boxcup, layout_basic, cheibrodos_worm_habitat,
          nicolae_elyvilon_peaceful_grove, uniq_jessica
D:4:      layout_loops_cross, mainiacjoe_overflow_tiny_flanked, serial_shops,
          shop
D:5:      layout_cave_pools, mainiacjoe_overflow_catwalk
D:6:      layout_rooms, xom_redecorated, serial_glass, glass_columns_a,
          glass_columns_a, glass_columns_a, glass_columns_a, uniq_edmund,
          uniq_prince_ribbit1
D:7:      layout_rooms, jmf_multi_god_temple, temple_doors_e,
          gammafunk_ghost_hive, kennysheep_nondescript, minmay_misc_feat_five
D:8:      layout_loops_ring, nicolae_tso_besieged_by_evil,
          fedhas_altar_fruit_tree, vehumet_crystals
D:9:      layout_basic, nzn_wu_jian_council_hall,
          nicolae_qazlal_general_emergency, gammafunk_ghost_stat_death,
          minivault_12
D:10:     minmay_clustersquares, layout_basic, erik_lair_island,
          serial_park_tiny_pond, nicolae_the_louvre
D:11:     layout_long_grid, david_orc_2, portal_ice_cave_demonic_guard,
          lightli_corner_chamber, uniq_josephine
D:12:     layout_irregular_city, minmay_holes, amcnicky_mini_pool_small
Lair:1:   layout_loops_ring, serial_forest, infiniplex_forest_clump_small,
          infiniplex_forest_3_way, infiniplex_forest_pool,
          infiniplex_forest_straight_5, grunt_megastairs_5
Lair:2:   layout_misc_corridors, minmay_snake_entry_guardpost_small,
          nicolae_volcano_entry_hallway, chequers_serial_rivers_small_b,
          lemuel_centaur_altar
Lair:3:   layout_roguey, mainiacjoe_swamp_entry_lozenge_pond,
          gammafunk_ghost_berserking_beasts
Lair:4:   layout_gridlike, nicolae_slime_entry_slimehenge
Lair:5:   hellmonk_lair_end_abyssal_woods, layout_cave_pods, grunt_megastairs_1
Snake:1:  layout_misc_corridors, ebering_ghost_disaster_area,
          nicolae_snake_double_loop
Snake:2:  hangedman_cross_stitches, layout_rooms, st_stairs_14, uniq_aizul
Snake:3:  layout_layer_cave, minmay_shop_star
Snake:4:  grunt_snake_rune_pools, layout_misc_corridors, basic_altar,
          serial_bayou_pond_c, nicolae_snake_dead_anacondas
Orc:1:    gammafunk_beogh_shrine, layout_caves, nicolae_shop_clearance
Orc:2:    pubby_orc_utopia

Skill      XL: |  1  2  3  4  5  6  7  8  9 10 11 12 13 14 15 16 |
---------------+-------------------------------------------------+-----
Fighting       | 4 5 6 7 8 10 11 13 14 15 17 18 19 | 19.1
Axes           | 3 4 5 6 8 9 11 12 14 15 17 18 19 | 19.0
Armour         | 4 5 6 7 8 9 11 12 13 14 15 | 15.6
Shields        | 4 |  4.6
Dodging        | 1 2 4 5 6 7 9 10 11 12 | 12.7
Invocations    | 1 2 3 4 5 6 8 9 10 11 | 11.3

Action                     |  1- 3 |  4- 6 |  7- 9 | 10-12 | 13-15 | 16-18 || total
---------------------------+-------+-------+-------+-------+-------+-------++-------
  Melee: War axe           |    74 |    10 |       |       |       |       ||    84
         Headbutt          |     7 |     9 |    29 |    64 |   150 |    32 ||   291
         Battleaxe         |       |    33 |   179 |   252 |   690 |    90 ||  1244
 Invoke: Slouch            |       |       |       |       |     5 |     3 ||     8
  Evoke: Wand              |       |       |       |       |     2 |       ||     2
    Use: Potion            |       |     3 |       |     1 |       |     1 ||     5
         Scroll            |       |     7 |     5 |    10 |    13 |       ||    35
 Armour: Scale mail        |    36 |       |       |       |       |       ||    36
         Chain mail        |    16 |    32 |    99 |       |       |       ||   147
         Plate armour      |       |       |    63 |   304 |   605 |    98 ||  1070
  Dodge: Dodged            |    35 |    23 |   117 |   239 |   987 |   195 ||  1596
  Block: Buckler           |    19 |     5 |       |       |       |       ||    24

Table legend: (Time is in decaauts)
 A = Elapsed time spent in this place.
 B = Non-inter-level travel time spent in this place.
 C = Inter-level travel time spent in this place.
 D = Time resting spent in this place.
 E = Time spent auto-exploring this place.
 F = Levels seen in this place.
 G = Mean time per level.
                   A        B        C        D        E       F      G
               +--------+--------+--------+--------+--------+-----+--------+
         Total |  31271 |  28916 |   2355 |    574 |  24144 |  24 | 1303.0 |
       Dungeon |  15046 |  14165 |    881 |    223 |  12111 |  12 | 1253.8 |
          Lair |   9608 |   8442 |   1166 |     33 |   7365 |   5 | 1921.6 |
     Snake Pit |   2006 |   1871 |    135 |    130 |   1291 |   4 |  501.5 |
  Orcish Mines |   3929 |   3758 |    171 |      0 |   3178 |   2 | 1964.5 |
       Volcano |    681 |    681 |      0 |    188 |    197 |   1 |  681.0 |
               +--------+--------+--------+--------+--------+-----+--------+

Top non-repeatable levels by time:
   Orc:2: 2924 daAuts
  Lair:5: 2600 daAuts
    D:10: 2162 daAuts
  Lair:3: 2112 daAuts
    D:11: 2016 daAuts
  Lair:4: 1927 daAuts
    D:12: 1844 daAuts
  Lair:2: 1568 daAuts
  Lair:1: 1400 daAuts
     D:8: 1335 daAuts
     D:4: 1333 daAuts
     D:9: 1292 daAuts
     D:7: 1019 daAuts
   Orc:1: 1004 daAuts
     D:6: 929 daAuts
